General information
- name: BNet
- type: Ladder team game (AT/RT)
- host: Battle.net
- saver: MrTurncoat
map: Slalom
- players: 8
- length: 43:38
- speed: Fast
- version: 1.26 W3XP
- replay type: Public
» download(238 KB)
Players
team 1 (winner)

»
Im.Not.ThatDude (
pink | 60 APM | 853 actions | 14:15)
4 Mountain King
2 Bash
2 Storm Bolt
» actions
| Assign group hotkey | 18 | |
| Basic commands | 121 | |
| Build / train | 45 | |
| Enter build submenu | 26 | |
| Enter hero's abilities submenu | 4 | |
| Right click | 219 | |
| Select / deselect | 189 | |
| Select group hotkey | 194 | |
| Use ability | 37 | |
853 total
» units
| Peasant | 18 | |
| Footman | 7 | |
| Gryphon Rider | 4 | |
29 total
» upgrades
| Lumber Harvesting | 2 | |
| Swords | 2 | |
| Storm Hammers | 1 | |
| Armor | 1 | |
6 total
» buildings
| Altar of Kings | 1 | |
| Farm | 13 | |
| Barracks | 1 | |
| Arcane Vault | 1 | |
| Keep | 1 | |
| Town Hall | 2 | |
| Lumber Mill | 1 | |
| Blacksmith | 2 | |
| Castle | 1 | |
| Gryphon Aviary | 4 | |
27 total
» build order
00:21 Altar of Kings
00:35 Farm
01:12 Farm
01:22 Barracks
01:48 Farm
02:28 Farm
02:45 Arcane Vault
03:10 Farm
03:12 Keep
03:50 Farm
04:39 Town Hall
05:00 Farm
05:25 Lumber Mill
05:49 Farm
06:07 Blacksmith
06:36 Farm
07:04 Castle
07:15 Farm
07:28 Gryphon Aviary
07:52 Gryphon Aviary
07:54 Farm
08:34 Gryphon Aviary
08:48 Farm
08:52 Gryphon Aviary
09:27 Farm
10:08 Blacksmith
10:25 Town Hall
» items
TowerRusher (
blue | 46 APM | 2005 actions | 43:38)
5 Blademaster
3 Wind Walk
2 Critical Strike
1 Archmage
1 Summon Water Elemental
» actions
| Assign group hotkey | 26 | |
| Basic commands | 120 | |
| Build / train | 48 | |
| Enter build submenu | 39 | |
| Enter hero's abilities submenu | 6 | |
| Give item / drop item | 4 | |
| Remove unit from queue | 2 | |
| Right click | 1058 | |
| Select / deselect | 281 | |
| Select group hotkey | 343 | |
| Use ability | 78 | |
2005 total
» units
| Peon | 13 | |
| Wind Rider | 9 | |
| Troll Batrider | 1 | |
23 total
» upgrades
| Ranged Weapons | 2 | |
| Armor | 2 | |
| Spiked Barricades | 2 | |
| Reinforced Defenses | 1 | |
| Envenomed Spears | 1 | |
| Masonry | 1 | |
9 total
» buildings
| Altar of Storms | 1 | |
| Orc Burrow | 6 | |
| War Mill | 1 | |
| Watch Tower | 5 | |
| Stronghold | 1 | |
| Voodoo Lounge | 1 | |
| Beastiary | 2 | |
| Great Hall | 3 | |
| Fortress | 1 | |
| Scout Tower | 13 | |
34 total
» build order
00:04 Altar of Storms
00:07 Orc Burrow
01:05 War Mill
01:46 Orc Burrow
02:24 Watch Tower
02:27 Watch Tower
02:47 Stronghold
03:20 Voodoo Lounge
04:49 Orc Burrow
05:10 Beastiary
05:15 Beastiary
07:03 Orc Burrow
07:18 Great Hall
07:23 Watch Tower
08:51 Watch Tower
10:16 Fortress
11:07 Orc Burrow
12:23 Watch Tower
13:26 Orc Burrow
14:18 Great Hall
17:14 Great Hall
20:01 Scout Tower
20:13 Scout Tower
20:19 Scout Tower
22:01 Scout Tower
23:12 Scout Tower
24:59 Scout Tower
26:16 Scout Tower
27:11 Scout Tower
27:43 Scout Tower
28:13 Scout Tower
29:38 Scout Tower
30:18 Scout Tower
30:35 Scout Tower
» items
| Healing Salve | 2 | |
| Lesser Clarity Potion | 1 | |
| Boots of Speed | 1 | |
| Orb of Lightning | 1 | |
5 total
ddaachuu (
teal | 54 APM | 1384 actions | 25:46)
1 Far Seer
1 Feral Spirit
2 Beastmaster
1 Summon Bear
1 Summon Hawk
» actions
| Assign group hotkey | 34 | |
| Basic commands | 109 | |
| Build / train | 46 | |
| ESC pressed | 6 | |
| Enter build submenu | 28 | |
| Enter hero's abilities submenu | 3 | |
| Give item / drop item | 25 | |
| Right click | 431 | |
| Select / deselect | 353 | |
| Select group hotkey | 306 | |
| Use ability | 43 | |
1384 total
» units
» upgrades
| Ranged Weapons | 2 | |
| Armor | 1 | |
| Masonry | 1 | |
4 total
» buildings
| Orc Burrow | 4 | |
| Altar of Storms | 1 | |
| War Mill | 1 | |
| Stronghold | 1 | |
| Beastiary | 2 | |
| Voodoo Lounge | 1 | |
| Fortress | 1 | |
| Great Hall | 2 | |
| Farm | 6 | |
| Town Hall | 1 | |
20 total
» build order
00:26 Orc Burrow
00:49 Altar of Storms
01:44 War Mill
02:10 Stronghold
02:50 Orc Burrow
03:51 Orc Burrow
04:47 Beastiary
05:00 Beastiary
05:10 Voodoo Lounge
05:54 Orc Burrow
07:04 Fortress
10:37 Great Hall
18:08 Farm
18:10 Farm
18:15 Farm
18:22 Farm
18:30 Farm
18:40 Farm
21:08 Great Hall
23:53 Town Hall
» items
| Boots of Speed | 2 | |
| Orb of Lightning | 1 | |
| Healing Salve | 2 | |
| Circlet of Nobility | 1 | |
| Periapt of Vitality | 1 | |
| Potion of Lesser Invulnerability | 1 | |
| Scroll of Protection | 1 | |
9 total
ANGRYGAYMANLOOL (
green | 18 APM | 319 actions | 17:35)
1 Archmage
1 Blizzard
» actions
| Assign group hotkey | 6 | |
| Basic commands | 11 | |
| Build / train | 32 | |
| ESC pressed | 1 | |
| Enter build submenu | 17 | |
| Enter hero's abilities submenu | 1 | |
| Right click | 115 | |
| Select / deselect | 70 | |
| Select group hotkey | 44 | |
| Use ability | 22 | |
319 total
» units
» upgrades
| Lumber Harvesting | 1 | |
| Gunpowder | 2 | |
3 total
» buildings
| Altar of Kings | 1 | |
| Farm | 8 | |
| Keep | 1 | |
| Lumber Mill | 1 | |
| Blacksmith | 1 | |
| Castle | 1 | |
| Workshop | 4 | |
| Arcane Vault | 1 | |
18 total
» build order
00:03 Altar of Kings
00:10 Farm
04:47 Keep
04:51 Lumber Mill
06:13 Blacksmith
06:17 Farm
06:20 Farm
09:31 Castle
09:36 Workshop
09:40 Workshop
09:45 Workshop
09:48 Workshop
09:58 Farm
10:01 Farm
10:05 Farm
11:41 Farm
11:49 Arcane Vault
12:04 Farm
» items
| Scroll of Town Portal | 4 | |
| Potion of Healing | 1 | |
| Boots of Speed | 1 | |
| Potion of Invisibility | 2 | |
| Potion of Lesser Invulnerability | 1 | |
| Staff of Teleportation | 1 | |
10 total
team 2 (loser)
a6a (
red | 87 APM | 3634 actions | 41:42)
4 Archmage
2 Summon Water Elemental
2 Brilliance Aura
4 Mountain King
2 Storm Bolt
2 Bash
3 Paladin
2 Holy Light
1 Divine Shield
» actions
| Assign group hotkey | 20 | |
| Basic commands | 592 | |
| Build / train | 159 | |
| Enter build submenu | 23 | |
| Enter hero's abilities submenu | 11 | |
| Remove unit from queue | 4 | |
| Right click | 1318 | |
| Select / deselect | 421 | |
| Select group hotkey | 994 | |
| Use ability | 90 | |
3634 total
» units
| Peasant | 21 | |
| Flying Machine | 74 | |
| Chimaera | 5 | |
100 total
» upgrades
| Lumber Harvesting | 2 | |
| Gunpowder | 3 | |
| Plating | 3 | |
| Flak Cannons | 1 | |
| Flying Machine Bombs | 1 | |
10 total
» buildings
| Farm | 13 | |
| Altar of Kings | 1 | |
| Keep | 4 | |
| Blacksmith | 1 | |
| Scout Tower | 2 | |
| Arcane Vault | 1 | |
| Lumber Mill | 1 | |
| Arcane Tower | 2 | |
| Workshop | 2 | |
| Castle | 1 | |
| Town Hall | 1 | |
29 total
» build order
00:50 Farm
01:07 Altar of Kings
01:26 Farm
02:04 Farm
02:20 Keep
02:20 Keep
02:20 Keep
02:20 Keep
02:29 Blacksmith
02:33 Scout Tower
02:42 Scout Tower
02:47 Arcane Vault
03:26 Lumber Mill
03:39 Arcane Tower
03:41 Arcane Tower
03:47 Farm
04:51 Workshop
04:54 Workshop
05:19 Castle
05:51 Farm
06:34 Farm
07:24 Farm
08:31 Farm
09:40 Farm
10:27 Farm
16:05 Farm
17:15 Farm
18:09 Farm
22:49 Town Hall
» items
| Potion of Lesser Invulnerability | 5 | |
5 total
Go)Kk (
yellow | 56 APM | 1354 actions | 23:59)
5 Pandaren Brewmaster
3 Drunken Haze
2 Breath of Fire
4 Keeper of the Grove
2 Entangling Roots
2 Thorns Aura
3 Priestess of the Moon
2 Trueshot Aura
1 Searing Arrows
» actions
| Assign group hotkey | 24 | |
| Basic commands | 40 | |
| Build / train | 80 | |
| Enter build submenu | 16 | |
| Enter hero's abilities submenu | 12 | |
| Give item / drop item | 5 | |
| Remove unit from queue | 2 | |
| Right click | 581 | |
| Select / deselect | 344 | |
| Select group hotkey | 172 | |
| Use ability | 78 | |
1354 total
» units
| Wisp | 20 | |
| Archer | 5 | |
| Druid of the Claw | 1 | |
| Hippogryph | 8 | |
| Chimaera | 4 | |
| Mountain Giant | 1 | |
39 total
» upgrades
| Ultravision | 1 | |
| Druid of the Claw Training | 2 | |
| Strength of the Wild | 3 | |
| Well Spring | 1 | |
| Reinforced Hides | 3 | |
| Corrosive Breath | 1 | |
| Mark of the Claw | 1 | |
| Hardened Skin | 1 | |
| Resistant Skin | 1 | |
14 total
» buildings
| Moon Well | 8 | |
| Altar of Elders | 1 | |
| Ancient of War | 1 | |
| Ancient of Wonders | 1 | |
| Tree of Ages | 1 | |
| Hunter's Hall | 1 | |
| Ancient of Wind | 1 | |
| Ancient of Lore | 2 | |
| Tree of Life | 1 | |
| Tree of Eternity | 1 | |
| Chimaera Roost | 3 | |
21 total
» build order
00:19 Moon Well
00:30 Altar of Elders
01:12 Ancient of War
01:23 Moon Well
02:10 Ancient of Wonders
03:23 Tree of Ages
03:55 Hunter's Hall
04:01 Moon Well
05:58 Ancient of Wind
06:02 Ancient of Lore
06:10 Ancient of Lore
06:16 Moon Well
06:44 Tree of Life
07:03 Tree of Eternity
10:07 Chimaera Roost
10:09 Chimaera Roost
10:13 Chimaera Roost
13:33 Moon Well
14:56 Moon Well
14:57 Moon Well
14:59 Moon Well
» items
| Staff of Preservation | 2 | |
| Scroll of Town Portal | 2 | |
| Orb of Venom | 2 | |
6 total
MrTurncoat (
orange | 85 APM | 3692 actions | 43:38)
4 Archmage
2 Summon Water Elemental
2 Brilliance Aura
» actions
| Assign group hotkey | 170 | |
| Basic commands | 593 | |
| Build / train | 71 | |
| Enter build submenu | 53 | |
| Enter hero's abilities submenu | 4 | |
| Give item / drop item | 1 | |
| Right click | 1785 | |
| Select / deselect | 544 | |
| Select group hotkey | 233 | |
| Use ability | 237 | |
3692 total
» units
| Peasant | 20 | |
| Footman | 3 | |
| Gryphon Rider | 11 | |
34 total
» upgrades
| Lumber Harvesting | 2 | |
| Swords | 3 | |
| Armor | 3 | |
| Animal War Training | 1 | |
| Storm Hammers | 1 | |
10 total
» buildings
| Altar of Kings | 1 | |
| Barracks | 1 | |
| Farm | 13 | |
| Keep | 2 | |
| Town Hall | 6 | |
| Arcane Vault | 2 | |
| Lumber Mill | 4 | |
| Blacksmith | 3 | |
| Castle | 1 | |
| Gryphon Aviary | 7 | |
| Scout Tower | 28 | |
| Guard Tower | 7 | |
75 total
» build order
01:05 Altar of Kings
01:06 Barracks
01:08 Farm
01:11 Farm
01:11 Farm
02:05 Farm
03:46 Keep
04:43 Town Hall
04:52 Town Hall
05:01 Arcane Vault
05:03 Arcane Vault
05:05 Lumber Mill
05:08 Blacksmith
05:11 Blacksmith
05:14 Blacksmith
07:51 Castle
09:14 Town Hall
09:20 Town Hall
09:48 Gryphon Aviary
09:49 Gryphon Aviary
09:49 Gryphon Aviary
09:50 Gryphon Aviary
13:09 Lumber Mill
13:13 Farm
13:14 Farm
13:14 Farm
13:15 Farm
15:33 Scout Tower
15:33 Scout Tower
15:33 Scout Tower
15:37 Scout Tower
15:40 Scout Tower
15:41 Scout Tower
15:41 Scout Tower
15:42 Scout Tower
15:44 Scout Tower
15:44 Scout Tower
15:45 Scout Tower
15:46 Scout Tower
15:47 Scout Tower
16:07 Scout Tower
16:08 Scout Tower
16:09 Scout Tower
16:11 Scout Tower
16:11 Scout Tower
16:12 Scout Tower
16:26 Scout Tower
16:27 Scout Tower
16:27 Scout Tower
16:30 Scout Tower
16:31 Scout Tower
16:32 Scout Tower
16:42 Lumber Mill
17:16 Guard Tower
17:30 Lumber Mill
18:35 Guard Tower
18:37 Guard Tower
19:09 Guard Tower
19:32 Guard Tower
19:45 Scout Tower
19:45 Scout Tower
19:46 Scout Tower
20:44 Gryphon Aviary
20:44 Gryphon Aviary
20:45 Gryphon Aviary
21:06 Guard Tower
21:20 Guard Tower
21:34 Farm
21:34 Farm
21:36 Farm
21:36 Farm
25:57 Town Hall
27:08 Town Hall
29:31 Keep
» items
| Scroll of Town Portal | 4 | |
| Scroll of Regeneration | 1 | |
| Potion of Healing | 3 | |
| Ivory Tower | 2 | |
| Staff of Teleportation | 2 | |
12 total
NoVa34 (
purple | 34 APM | 1457 actions | 43:16)
6 Tauren Chieftain
2 War Stomp
3 Endurance Aura
1 Reincarnation
1 Shadow Hunter
1 Healing Wave
» actions
| Assign group hotkey | 16 | |
| Basic commands | 62 | |
| Build / train | 78 | |
| Enter build submenu | 31 | |
| Enter hero's abilities submenu | 7 | |
| Remove unit from queue | 1 | |
| Right click | 356 | |
| Select / deselect | 479 | |
| Select group hotkey | 342 | |
| Use ability | 84 | |
1457 total
» units
| Peon | 16 | |
| Troll Headhunter/Berserker | 4 | |
| Wind Rider | 8 | |
| Shaman | 3 | |
| Troll Batrider | 19 | |
50 total
» upgrades
| Ranged Weapons | 3 | |
| Armor | 3 | |
| Shaman Training | 2 | |
| Envenomed Spears | 1 | |
| Liquid Fire | 1 | |
10 total
» buildings
| Altar of Storms | 2 | |
| Orc Burrow | 9 | |
| War Mill | 1 | |
| Barracks | 1 | |
| Voodoo Lounge | 2 | |
| Stronghold | 1 | |
| Beastiary | 3 | |
| Spirit Lodge | 1 | |
| Great Hall | 3 | |
| Fortress | 1 | |
| Watch Tower | 3 | |
27 total
» build order
00:06 Altar of Storms
00:11 Orc Burrow
00:18 War Mill
01:26 Barracks
01:50 Orc Burrow
02:12 Voodoo Lounge
02:17 Voodoo Lounge
03:20 Stronghold
03:36 Orc Burrow
06:08 Beastiary
06:14 Beastiary
06:25 Beastiary
06:30 Spirit Lodge
07:42 Great Hall
08:11 Fortress
08:32 Orc Burrow
13:34 Orc Burrow
13:42 Watch Tower
13:52 Orc Burrow
14:01 Orc Burrow
15:48 Orc Burrow
16:03 Watch Tower
18:55 Great Hall
21:07 Watch Tower
22:12 Great Hall
34:33 Altar of Storms
35:40 Orc Burrow
» items
| Healing Salve | 1 | |
| Lesser Clarity Potion | 2 | |
| Orb of Lightning | 1 | |
| Potion of Mana | 1 | |
| Scroll of Speed | 1 | |
6 total
Chat log
(02:30 / Allies) NoVa34: units
(05:55 / Allies) NoVa34: FUCK
(07:53 / Allies) MrTurncoat: wood
(08:28 / Allies) MrTurncoat: wood plez
(08:44 / Allies) NoVa34: gold?
(11:46 / All) Im.Not.ThatDude: gogogogo
(13:30 / All) MrTurncoat: no bolt for oyu :)
(13:39 / All) Im.Not.ThatDude: lol.... damnit!
(14:14 / All) Im.Not.ThatDude: green is awesome.... tk... gg
(14:18 / All) ANGRYGAYMANLOOL: U MAD
(14:38 / Allies) MrTurncoat: wood
(14:39 / Allies) MrTurncoat: please
(16:16 / Allies) MrTurncoat: wood guys
(16:22 / Allies) MrTurncoat: so I can start pumping out the griffs
(16:48 / Allies) MrTurncoat: don't want them?
(21:34 / Allies) NoVa34: oj
(22:53 / Allies) NoVa34: saw that comin lol u nig
(23:57 / Allies) Go)Kk: go buy yourself a life orange, you really need to
(34:05 / All) MrTurncoat: Game over son
(40:31 / All) MrTurncoat: If you saw it coming why didn't you stop it?
(41:50 / All) TowerRusher: We're going to win
(41:56 / All) TowerRusher: Hidden buildings and backstabbing won this
(42:01 / All) TowerRusher: somehow. So just leave
(42:05 / All) MrTurncoat: They had this game won
(42:07 / All) MrTurncoat: They're idiots
(42:13 / All) TowerRusher: You must have failed miserably to lose when you had it finished
(42:17 / All) MrTurncoat: They should have just killed your buildings
(42:38 / All) TowerRusher: I played horribly and didn't even notice the stabbing angry homosexual man when he acted out his urges
(42:43 / All) TowerRusher: No way you fools should have lost